SKY
DETROIT TIGERS @ BOSTON RED SOX
04/17/2052
 
TOP OF THE 1ST
Detroit Tigers batting - Pitching for Boston Red Sox : RHP Dylan Lafferty
Pitching: RHP Dylan Lafferty
Batting: LHB Jim Harvill 0-0: Ball
1-0: Called Strike
1-1: Ball
2-1: Ball
3-1: Called Strike
3-2: Foul Ball, location: 2F
3-2: Foul Ball, location: 2F
3-2: Foul Ball, location: 7LDF
3-2: Fly out, F8 (Flyball, 8LD, EV 86.9 MPH)
Batting: LHB Sebastian Ontiveros 0-0: Ground out 6-3 (Groundball, 6, EV 84.4 MPH)
Batting: SHB Carlos Vargas 0-0: Fly out, F6 (Popup, 6M, EV 59.4 MPH)
Top of the 1st over - 0 runs, 0 hits, 0 errors, 0 left on base; Detroit 0 - Boston 0
BOTTOM OF THE 1ST
Boston Red Sox batting - Pitching for Detroit Tigers : RHP Dylan Sheets
Pitching: RHP Dylan Sheets
Batting: RHB Jalen Duke 0-0: Called Strike
0-1: Called Strike
0-2: Ball
1-2: Strikes out swinging
Batting: LHB Jaxson Eisley 0-0: Foul Ball, location: 23F
0-1: Foul Ball, location: 2F
0-2: Ball
1-2: Ball
2-2: Strikes out swinging
Batting: SHB Christian Gibbs 0-0: Called Strike
0-1: Foul Ball, location: 5FF
0-2: Strikes out looking
Bottom of the 1st over - 0 runs, 0 hits, 0 errors, 0 left on base; Detroit 0 - Boston 0
TOP OF THE 2ND
Detroit Tigers batting - Pitching for Boston Red Sox : RHP Dylan Lafferty
Batting: RHB Kyle Garette 0-0: Ball
1-0: Ball
2-0: Ball
3-0: Base on Balls
Batting: RHB Peter Bates 0-0: Ball
1-0: Ball
2-0: Called Strike
2-1: Ground out 4-3 (Groundball, 34, EV 90.0 MPH)
Kyle Garette to second
Batting: RHB Dragon Dainty 0-0: Called Strike
0-1: Foul Ball, location: 9LMF
0-2: Ball
1-2: Ball
2-2: SINGLE (Flyball, 7LS, EV 93.8 MPH)
Kyle Garette to third
Batting: LHB Will Dishman 0-0: Called Strike
0-1: Ball
1-1: Ball
Wild Pitch!
Kyle Garette scores
Dragon Dainty to second
2-1: DOUBLE (Line Drive, 9LM, EV 106.3 MPH)
Dragon Dainty scores
Batting: RHB Aarón Gutiérrez 0-0: Called Strike
0-1: Swinging Strike
0-2: Ground out U3 (Groundball, 34S, EV 73.8 MPH)
Will Dishman to third
Batting: RHB Owen Roberts 0-0: Ball
1-0: Called Strike
1-1: Fly out, F4 (Popup, 4, EV 61.3 MPH)
Top of the 2nd over - 2 runs, 2 hits, 0 errors, 1 left on base; Detroit 2 - Boston 0
BOTTOM OF THE 2ND
Boston Red Sox batting - Pitching for Detroit Tigers : RHP Dylan Sheets
Batting: RHB William Spicer 0-0: Ball
1-0: Called Strike
1-1: Foul Ball, location: 7LSF
1-2: Foul Ball, location: 3SF
1-2: Ball
2-2: Foul Ball, location: 23F
2-2: Ball
3-2: Ground out 6-3 (Groundball, 6, EV 85.6 MPH)
Batting: LHB Ben Viet 0-0: Ball
1-0: Ball
2-0: Ball
3-0: Base on Balls
Batting: RHB Pooh Whitney 0-0: Called Strike
0-1: Foul Ball, location: 2LF
0-2: Fly out, F7 (Flyball, 7, EV 101.3 MPH)
Batting: RHB Liam Sena 0-0: Called Strike
0-1: Foul Ball, location: 3SF
0-2: Strikes out looking
Bottom of the 2nd over - 0 runs, 0 hits, 0 errors, 1 left on base; Detroit 2 - Boston 0
TOP OF THE 3RD
Detroit Tigers batting - Pitching for Boston Red Sox : RHP Dylan Lafferty
Batting: LHB Jim Harvill 0-0: Ball
1-0: Ball
2-0: Fly out, F9 (Flyball, 89D, EV 88.1 MPH)
Batting: LHB Sebastian Ontiveros 0-0: Called Strike
0-1: Called Strike
0-2: Strikes out swinging
Batting: SHB Carlos Vargas 0-0: Ball
1-0: SINGLE (Groundball, 4MS, EV 72.5 MPH) (infield hit)
Batting: RHB Kyle Garette 0-0: Called Strike
0-1: Ball
1-1: Called Strike
1-2: Ball
2-2: Ball
Carlos Vargas steals 2nd base
3-2: Foul Ball, location: 2F
3-2: Foul Ball, location: 5FF
3-2: Base on Balls
Batting: RHB Peter Bates 0-0: Ball
1-0: Called Strike
1-1: Swinging Strike
1-2: Ball
2-2: Ball
3-2: Foul Ball, location: 2F
3-2: SINGLE (Line Drive, 7S, EV 97.5 MPH)
Carlos Vargas to third
Kyle Garette to second
Carlos Vargas scores
Kyle Garette to third
Batting: RHB Dragon Dainty 0-0: Called Strike
0-1: Foul Ball, location: 9LSF
0-2: Fly out, F8 (Flyball, 8RXD, EV 94.4 MPH)
Top of the 3rd over - 1 run, 2 hits, 0 errors, 2 left on base; Detroit 3 - Boston 0
BOTTOM OF THE 3RD
Boston Red Sox batting - Pitching for Detroit Tigers : RHP Dylan Sheets
Batting: RHB Alastair Cooledge 0-0: Called Strike
0-1: Foul Ball, location: 2F
0-2: Ball
1-2: Foul Ball, location: 2F
1-2: Fly out, F7 (Flyball, 7, EV 93.1 MPH)
Batting: LHB Chase Veliz 0-0: Fly out, F8 (Flyball, 78S, EV 95.6 MPH)
Batting: RHB Jalen Duke 0-0: Fly out, F8 (Line Drive, 8RM, EV 91.3 MPH)
Bottom of the 3rd over - 0 runs, 0 hits, 0 errors, 0 left on base; Detroit 3 - Boston 0
TOP OF THE 4TH
Detroit Tigers batting - Pitching for Boston Red Sox : RHP Dylan Lafferty
Batting: LHB Will Dishman 0-0: DOUBLE (Line Drive, 7LS, EV 110.0 MPH)
Batting: RHB Aarón Gutiérrez 0-0: Hit by Pitch
Batting: RHB Owen Roberts 0-0: Ball
1-0: Ball
2-0: Sac Bunt to 15 - play at third, runner OUT! 1-6
Aarón Gutiérrez to second
Batting: LHB Jim Harvill 0-0: Ball
1-0: Called Strike
1-1: Ball
2-1: SINGLE (Groundball, 6MD, EV 99.4 MPH)
Aarón Gutiérrez to third
Owen Roberts to second
Batting: LHB Sebastian Ontiveros 0-0: GRAND SLAM HOME RUN (Flyball, 8LXD, EV 103.8 MPH), Distance : 411 ft
Pitching: RHP Bernie Stilger
Batting: SHB Carlos Vargas 0-0: DOUBLE (Line Drive, 9LD, EV 106.3 MPH)
Batting: RHB Kyle Garette 0-0: Ball
1-0: Called Strike
1-1: Ground out 5-3 (Groundball, 5S, EV 88.1 MPH)
Batting: RHB Peter Bates 0-0: Foul Ball, location: 3DF
0-1: Ball
1-1: SINGLE (Flyball, 89S, EV 95.6 MPH)
Carlos Vargas to third
Runner from 3rd tries for Home, SAFE, throw by CF to home
Batting: RHB Dragon Dainty 0-0: Called Strike
0-1: Called Strike
0-2: Foul Ball, location: 2F
0-2: Foul Ball, location: 23F
0-2: Ball
1-2: Ball
2-2: SINGLE (Line Drive, 7S, EV 91.9 MPH)
Peter Bates to second
Batting: LHB Will Dishman 0-0: Called Strike
0-1: Foul Ball, location: 7LMF
0-2: Ball
1-2: Foul Ball, location: 3FF
1-2: Foul Ball, location: 2F
1-2: Ball
2-2: Strikes out swinging
Top of the 4th over - 5 runs, 6 hits, 0 errors, 2 left on base; Detroit 8 - Boston 0
BOTTOM OF THE 4TH
Boston Red Sox batting - Pitching for Detroit Tigers : RHP Dylan Sheets
Batting: LHB Jaxson Eisley 0-0: Ball
1-0: Swinging Strike
1-1: Swinging Strike
1-2: Foul Ball, location: 5F
1-2: SINGLE (Flyball, 8RS, EV 93.1 MPH)
Batting: SHB Christian Gibbs 0-0: Called Strike
0-1: Swinging Strike
0-2: Foul Ball, location: 9LMF
0-2: Ball
1-2: Foul Ball, location: 2F
1-2: Strikes out looking
Batting: RHB William Spicer 0-0: Ball
1-0: Ball
2-0: Foul Ball, location: 25F
2-1: Foul Ball, location: 23F
2-2: Foul Ball, location: 5F
2-2: Grounds into double play, 5-4-3 (Groundball, 56, EV 106.3 MPH)
Bottom of the 4th over - 0 runs, 1 hit, 0 errors, 0 left on base; Detroit 8 - Boston 0
TOP OF THE 5TH
Detroit Tigers batting - Pitching for Boston Red Sox : RHP Bernie Stilger
Batting: RHB Aarón Gutiérrez 0-0: Ball
1-0: Ball
2-0: Called Strike
2-1: Ball
3-1: Foul Ball, location: 3SF
3-2: Foul Ball, location: 2F
3-2: Strikes out looking
Batting: RHB Owen Roberts 0-0: Foul Ball, location: 9LDF
0-1: Ball
1-1: Ball
2-1: Ground out 6-3 (Groundball, 6M, EV 76.9 MPH)
Batting: LHB Jim Harvill 0-0: Ball
1-0: Called Strike
1-1: Swinging Strike
1-2: Strikes out looking
Top of the 5th over - 0 runs, 0 hits, 0 errors, 0 left on base; Detroit 8 - Boston 0
BOTTOM OF THE 5TH
Boston Red Sox batting - Pitching for Detroit Tigers : RHP Dylan Sheets
Pitching: RHP Jason Lamar
Batting: LHB Ben Viet 0-0: Foul Ball, location: 3F
0-1: Fly out, F8 (Line Drive, 8RD, EV 85.6 MPH)
Batting: RHB Pooh Whitney 0-0: Ground out 5-3 (Groundball, 56, EV 92.5 MPH)
Batting: RHB Liam Sena 0-0: Called Strike
0-1: Ball
1-1: Called Strike
1-2: Ball
2-2: Strikes out swinging
Bottom of the 5th over - 0 runs, 0 hits, 0 errors, 0 left on base; Detroit 8 - Boston 0
TOP OF THE 6TH
Detroit Tigers batting - Pitching for Boston Red Sox : RHP Bernie Stilger
Batting: LHB Sebastian Ontiveros 0-0: Swinging Strike
0-1: Ball
1-1: Ground out 2-3 (Groundball, 13S, EV 67.5 MPH)
Batting: SHB Carlos Vargas 0-0: Foul Ball, location: 2F
0-1: Foul Ball, location: 7LSF
0-2: Ball
1-2: Strikes out swinging
Batting: RHB Kyle Garette 0-0: Foul Ball, location: 25F
0-1: Called Strike
0-2: Foul Ball, location: 7LMF
0-2: Strikes out swinging
Top of the 6th over - 0 runs, 0 hits, 0 errors, 0 left on base; Detroit 8 - Boston 0
BOTTOM OF THE 6TH
Boston Red Sox batting - Pitching for Detroit Tigers : RHP Jason Lamar
Batting: RHB Alastair Cooledge 0-0: Called Strike
0-1: Fly out, F9 (Flyball, 9, EV 93.1 MPH)
Batting: LHB Chase Veliz 0-0: Called Strike
0-1: Ball
1-1: Ground out 5-3 (Groundball, 56, EV 89.4 MPH)
Batting: RHB Jalen Duke 0-0: Ball
1-0: Foul Ball, location: 9LDF
1-1: Fly out, F3 (Popup, 3S, EV 85.0 MPH)
Bottom of the 6th over - 0 runs, 0 hits, 0 errors, 0 left on base; Detroit 8 - Boston 0
TOP OF THE 7TH
Detroit Tigers batting - Pitching for Boston Red Sox : RHP Bernie Stilger
Pitching: RHP Tino Carrillo
Batting: RHB Peter Bates 0-0: Called Strike
0-1: Ball
1-1: Ball
2-1: Called Strike
2-2: Ground out 5-3 (Groundball, 56, EV 106.9 MPH)
Batting: RHB Dragon Dainty 0-0: Ball
1-0: Foul Ball, location: 5DF
1-1: Ball
2-1: Ball
3-1: Base on Balls
Batting: LHB Will Dishman 0-0: Called Strike
0-1: Ball
1-1: Ball
2-1: Called Strike
2-2: Ball
3-2: Strikes out looking
Batting: RHB Aarón Gutiérrez 0-0: Ball
1-0: Fielders Choice at 2nd, 6-4 (Groundball, 6, EV 81.9 MPH)
Top of the 7th over - 0 runs, 0 hits, 0 errors, 1 left on base; Detroit 8 - Boston 0
BOTTOM OF THE 7TH
Boston Red Sox batting - Pitching for Detroit Tigers : RHP Jason Lamar
Batting: LHB Jaxson Eisley 0-0: Ball
1-0: Called Strike
1-1: Ball
2-1: Ball
3-1: Base on Balls
Batting: SHB Christian Gibbs 0-0: Called Strike
0-1: Ball
Jaxson Eisley steals 2nd base (no throw)
1-1: 2-RUN HOME RUN (Flyball, 89XD, EV 110.6 MPH), Distance : 436 ft
Batting: RHB William Spicer 0-0: Ball
1-0: Foul Ball, location: 9LSF
1-1: Called Strike
1-2: Ball
2-2: Strikes out swinging
DELAY Rain delay of 48 minutes in the 7th inning.
Batting: LHB Ben Viet 0-0: Ball
1-0: Ball
2-0: Swinging Strike
2-1: Ground out 4-3 (Groundball, 4, EV 81.3 MPH)
Batting: RHB Pooh Whitney 0-0: Called Strike
0-1: Ground out 4-3 (Groundball, 4, EV 87.5 MPH)
Bottom of the 7th over - 2 runs, 1 hit, 0 errors, 0 left on base; Detroit 8 - Boston 2
TOP OF THE 8TH
Detroit Tigers batting - Pitching for Boston Red Sox : RHP Tino Carrillo
Batting: RHB Owen Roberts 0-0: Foul Ball, location: 3FF
0-1: SINGLE (Groundball, 4D, EV 98.1 MPH)
Batting: LHB Jim Harvill 0-0: Ball
1-0: DOUBLE (Flyball, 78XD, EV 97.5 MPH)
Owen Roberts to third
Batting: LHB Sebastian Ontiveros 0-0: Ball
1-0: Ball
2-0: Ball
3-0: Base on Balls
Batting: SHB Carlos Vargas 0-0: Ball
1-0: DOUBLE (Line Drive, 9LS, EV 100.0 MPH)
Owen Roberts scores
Jim Harvill scores
Sebastian Ontiveros to third
Batting: RHB Kyle Garette 0-0: Ball
1-0: Fly out, F8 (Flyball, 8LD, EV 103.1 MPH)
Runner from 3rd tags up, SCORES, throw by CF
Batting: RHB Peter Bates 0-0: Foul Ball, location: 2F
0-1: Ball
1-1: Ball
2-1: Ball
Wild Pitch!
Carlos Vargas to third
3-1: Foul Ball, location: 2RF
3-2: Ground out 6-3 (Groundball, 6, EV 86.3 MPH)
Carlos Vargas scores
Batting: RHB Dragon Dainty 0-0: Ball
1-0: Foul Ball, location: 5FF
1-1: Called Strike
1-2: SINGLE (Flyball, 8LS, EV 91.3 MPH)
Batting: LHB Will Dishman 0-0: Called Strike
0-1: Swinging Strike
0-2: Ball
1-2: Foul Ball, location: 7LSF
1-2: Foul Ball, location: 2F
1-2: Ball
2-2: Foul Ball, location: 5FF
2-2: Fielders Choice at 2nd, 6-4 (Groundball, 6, EV 83.8 MPH)
Top of the 8th over - 4 runs, 4 hits, 0 errors, 1 left on base; Detroit 12 - Boston 2
BOTTOM OF THE 8TH
Boston Red Sox batting - Pitching for Detroit Tigers : RHP Jason Lamar
Batting: RHB Liam Sena 0-0: Called Strike
0-1: Ball
1-1: Ball
2-1: Ball
3-1: Called Strike
3-2: Foul Ball, location: 5FF
3-2: Foul Ball, location: 2LF
3-2: Foul Ball, location: 3DF
3-2: Strikes out swinging
Batting: RHB Alastair Cooledge 0-0: Called Strike
0-1: Ball
1-1: Ground out 5-3 (Groundball, 56, EV 88.1 MPH)
Batting: LHB Chase Veliz 0-0: Ball
1-0: Ball
2-0: SINGLE (Groundball, 13S, EV 71.3 MPH) (infield hit)
Batting: RHB Jalen Duke 0-0: Called Strike
0-1: Fly out, F9 (Flyball, 9D, EV 105.0 MPH)
Bottom of the 8th over - 0 runs, 1 hit, 0 errors, 1 left on base; Detroit 12 - Boston 2
TOP OF THE 9TH
Detroit Tigers batting - Pitching for Boston Red Sox : RHP Tino Carrillo
Pitching: LHP Orlin Luna
Batting: RHB Aarón Gutiérrez 0-0: Called Strike
0-1: Ball
1-1: DOUBLE (Groundball, 3L, EV 96.3 MPH)
Batting: RHB Owen Roberts 0-0: Swinging Strike
0-1: Called Strike
0-2: Ball
1-2: Ball
2-2: Foul Ball, location: 3DF
2-2: SINGLE (Groundball, 34D, EV 100.0 MPH)
Aarón Gutiérrez to third
Runner from 3rd tries for Home, SAFE, throw by RF to home
Batting: LHB Jim Harvill 0-0: Called Strike
0-1: Ball
1-1: Foul Ball, location: 2F
1-2: Ball
2-2: Strikes out swinging
Batting: LHB Sebastian Ontiveros 0-0: Swinging Strike
0-1: Foul Ball, location: 2F
0-2: Strikes out swinging
Batting: SHB Carlos Vargas 0-0: Ball
1-0: Ball
2-0: Foul Ball, location: 23FF
2-1: Called Strike
2-2: Strikes out swinging
Top of the 9th over - 1 run, 2 hits, 0 errors, 1 left on base; Detroit 13 - Boston 2
BOTTOM OF THE 9TH
Boston Red Sox batting - Pitching for Detroit Tigers : RHP Jason Lamar
Pitching: RHP Jaden Bishop
Batting: LHB Jaxson Eisley 0-0: Ball
1-0: Called Strike
1-1: Fly out, F9 (Flyball, 9D, EV 111.3 MPH)
Batting: SHB Christian Gibbs 0-0: Ball
1-0: Ball
2-0: Fly out, F5 (Popup, 5SF, EV 79.4 MPH)
Batting: RHB William Spicer 0-0: Ball
1-0: SINGLE (Groundball, 34D, EV 93.8 MPH)
Batting: LHB Ben Viet 0-0: Called Strike
0-1: Ground out 4-3 (Groundball, 4S, EV 64.4 MPH)
Bottom of the 9th over - 0 runs, 1 hit, 0 errors, 1 left on base; Detroit 13 - Boston 2
Wednesday, April 17th , 2024 - OOTP Baseball 24.11 Build 85